 Dungeon Crawl Stone Soup version 0.13-a0-3159-gc5ce8eb (webtiles) character file.

340 PolkaDot the Poker (level 5, 0/39 HPs)
             Began as a Merfolk Death Knight on Sept 24, 2013.
             Was a Believer of Yredelemnul.
             Succumbed to an adder's poison
             ... on Level 4 of the Dungeon.
             The game lasted 00:09:40 (2984 turns).

PolkaDot the Poker (Merfolk Death Knight)           Turns: 2984, Time: 00:09:40

HP   0/39        AC  4     Str 14      XL: 5   Next: 34%
MP   8/8         EV 11     Int 10      God: Yredelemnul [**....]
Gold 188         SH  0     Dex 14      Spells:  0 memorised,  4 levels left

Res.Fire  : . . .   See Invis. : .   a - +2,+1 spear {=f}
Res.Cold  : . . .   Warding    : .   b - +0 leather armour
Life Prot.: . . .   Conserve   : .   (no shield)
Res.Poison: .       Res.Corr.  : .   (no helmet)
Res.Elec. : .       Clarity    : .   p - +0 cloak (curse)
Sust.Abil.: + .     Spirit.Shd : .   (no gloves)
Res.Mut.  : .       Stasis     : .   (no boots)
Res.Rott. : .       Flight     : .   (no amulet)
Saprovore : . . .                    (no ring)
                                     j - ring of sustain abilities

@: mildly poisoned, slightly resistant to hostile enchantments, unstealthy
A: change form in water, swift swim
a: Animate Remains, Recall Undead Slaves, Injury Mirror, Renounce Religion


You were on level 4 of the Dungeon.
You worshipped Yredelemnul.
Yredelemnul was pleased with you.
You were hungry.

You visited 1 branch of the dungeon, and saw 4 of its levels.

You collected 168 gold pieces.

Inventory:

Hand weapons
 a - a +2,+1 spear (weapon) {=f}
Armour
 b - a +0 leather armour (worn)
 p - a cursed +0 cloak (worn)
Comestibles
 c - 3 bread rations
 n - an apple
 w - 2 meat rations
Scrolls
 e - 2 scrolls of teleportation
 f - a scroll of magic mapping
 h - a scroll of curse armour
 i - 4 scrolls of identify
 k - a scroll of noise {unknown}
 l - 2 scrolls of random uselessness {unknown}
 m - a scroll of remove curse
 o - 2 scrolls of enchant armour {unknown}
 r - 2 scrolls of fear {unknown}
 t - a scroll of recharging {unknown}
 u - a scroll of amnesia {unknown}
Jewellery
 d - an uncursed ring of fire {unknown}
 j - a ring of sustain abilities (left hand)
Potions
 g - a potion of agility
 q - a potion of restore abilities
 v - a potion of brilliance


   Skills:
 - Level 2.1 Fighting
 * Level 7.8 Polearms
 - Level 0.6 Armour
 - Level 1.3 Dodging
 - Level 3.0 Invocations


You had 4 spell levels left.
You didn't know any spells.

Dungeon Overview and Level Annotations

Branches:
Dungeon (4/27)
 Temple: D:4-7

Altars:


Message History

You continue eating.
* * * LOW HITPOINT WARNING * * *
You feel sick.
* * * LOW HITPOINT WARNING * * *
You feel sick.
* * * LOW HITPOINT WARNING * * *
You feel sick.
You feel a little better.
* * * LOW HITPOINT WARNING * * *
You feel sick.
* * * LOW HITPOINT WARNING * * *
You feel sick.
* * * LOW HITPOINT WARNING * * *
You feel sick.
* * * LOW HITPOINT WARNING * * *
You feel sick.
* * * LOW HITPOINT WARNING * * *
You feel sick.
You die...
Your body rises from the dead as a mindless zombie.

#......# ######............#..
#......# ###..<##....#...
####...## #...##...##...
##...### ######...##...
#......# #...#...##... #......#
#...#...###..
#......###########...#....##..
##...####....#...##...........
#...#.......@................
#............................
##...........................
####...........................
#..............................
#..............................
#..............................
#..............................
#..............................


There were no monsters in sight!

Vanquished Creatures
  5 adders
  4 gnolls
  A worm (D:3)
  2 giant geckos
  An ooze (D:2)
  2 orcs (D:4)
  5 bats
  12 hobgoblins
  2 jackals (D:2)
  A quokka (D:3)
  A ball python (D:1)
  5 giant newts
  7 goblins
  6 kobolds
  8 rats
62 creatures vanquished.

Notes
Turn   | Place    | Note
--------------------------------------------------------------
     0 | D:1      | PolkaDot, the Merfolk Death Knight, began the quest for the Orb.
     0 | D:1      | Reached XP level 1. HP: 16/16 MP: 2/2
   246 | D:1      | Reached skill level 4 in Polearms
   246 | D:1      | Reached XP level 2. HP: 22/22 MP: 4/4
   821 | D:2      | Reached XP level 3. HP: 27/27 MP: 5/5
   895 | D:2      | Reached skill level 5 in Polearms
   903 | D:2      | Acquired Yredelemnul's second power
  1535 | D:3      | Reached skill level 6 in Polearms
  1577 | D:3      | Reached XP level 4. HP: 32/34 MP: 7/7
  2097 | D:3      | Reached skill level 7 in Polearms
  2548 | D:4      | Reached XP level 5. HP: 30/39 MP: 8/8
  2858 | D:4      | Noticed a giant goldfish
  2860 | D:4      | Noticed a giant goldfish
  2860 | D:4      | Noticed a giant goldfish
  2982 | D:4      | HP: 1/39 [poisoned by an adder]
  2984 | D:4      | Succumbed to an adder's poison

Action                   |  1- 3 |  4- 6 || total
-------------------------+-------+-------++-------
Melee: Spear             |   138 |   149 ||   287
  Use: Potion            |     9 |     2 ||    11
       Scroll            |     5 |     2 ||     7
